 Dungeon Crawl Stone Soup version 0.31-a0-83-gbff143cfd1 (webtiles) character file.

Game seed: 8177391401358496347

105 greasedhog the Poker (level 5, 0/41 HPs)
             Began as a Formicid Gladiator on May 25, 2023.
             Slain by an orc
             ... wielding a +0 whip
              (4 damage)
             ... on level 3 of the Dungeon.
             The game lasted 00:01:47 (2294 turns).

greasedhog the Poker (Formicid Gladiator)           Turns: 2294, Time: 00:01:47

Health: 0/41       AC:  3    Str: 21    XL:     5   Next: 8%
Magic:  5/5        EV: 12    Int:  7    God:
Gold:   106        SH:  0    Dex: 15    Spells: 4/4 levels left

rFire   . . .        a - +0 trident
rCold   . . .        (no shield)
rNeg    . . .        b - +0 leather armour
rPois   .            (helmet unavailable)
rElec   .            (no cloak)
rCorr   .            (no gloves)
SInv    +            (no boots)
Will    .....        (no amulet)
Stlth   +            (no ring)
HPRegen 0.26/turn    (no ring)
MPRegen 0.09/turn

%: no passive effects
@: no status effects
A: permanent stasis, dig shafts and tunnels, antennae 3, four strong arms
a: Dig, Shaft Self


You were on level 3 of the Dungeon.
You visited 1 branch of the dungeon, and saw 3 of its levels.

You collected 106 gold pieces.

Inventory:

Hand Weapons
 a - a +0 trident (weapon)
Missiles
 c - 3 throwing nets (quivered)
 d - a javelin
Armour
 b - a +0 leather armour (worn)
Scrolls
 e - 3 scrolls of magic mapping {unknown}
 g - a scroll of immolation {unknown}
 h - a scroll of fear {unknown}
 j - 2 scrolls of identify {unknown}
 k - a scroll of teleportation {unknown}
 o - a scroll of amnesia {unknown}
Potions
 f - a potion of attraction {unknown}
 i - a potion of heal wounds {unknown}
 l - a potion of ambrosia {unknown}
 m - a potion of berserk rage {unknown}
 n - a potion of brilliance {unknown}


   Skills:
 + Level 3.5 Fighting
 * Level 4.7 Polearms
 - Level 2.0 Throwing
 - Level 2.6 Dodging


You had 4 spell levels left.
You didn't know any spells.
Your spell library contained the following spells:

 Spells                   Type           Power      Damage    Failure   Level
 Call Canine Familiar     Summ           0%         N/A       85%         3
 Portal Projectile        Hex/Tloc       0%         N/A       85%         3
 Leda's Liquefaction      Hex/Erth       0%         N/A       99%         4


Dungeon Overview and Level Annotations

Branches:
Dungeon (3/15)

Altars:
Sif Muna

Shops:
D:2 *


Innate Abilities, Weirdness & Mutations

You cannot be hasted, slowed, berserked, paralysed or teleported.
You can dig through walls and to a lower floor.
You have a pair of large antennae on your head. (SInv)
Your four strong arms can wield two-handed weapons with a shield.


Message History

You hit the orc priest but do no damage.
You hit the orc priest but do no damage.
The orc priest invokes the aid of Beogh against you.
Pain shoots through your body! The orc priest barely misses you.
A goblin comes into view. It is wielding a +0 club.
The goblin shouts!
You hit the orc priest.
The orc priest is moderately wounded.
The orc priest hits you with a +0 whip. The orc closely misses you.
You closely miss the orc priest.
The orc priest is moderately wounded.
The orc closely misses you. The orc priest barely misses you.
You hit the orc priest.
The orc priest is severely wounded.
The orc priest hits you with a +0 whip.
An orc comes into view. It is wielding a +0 morningstar.
You closely miss the orc priest.
The orc priest is severely wounded.
The orc priest barely misses you. The orc hits you with a +0 hand axe.
You closely miss the orc priest.
The orc priest is severely wounded.
An orc priest comes into view. It is wielding a +0 club.
The orc priest looks satisfied for a moment.
The orc hits you with a +0 hand axe.
* * * LOW HITPOINT WARNING * * *
The orc barely misses you.
The orc priest shouts!
You puncture the orc priest!
You kill the orc priest!
You hear a shout!
The orc hits you with a +0 hand axe.
* * * LOW HITPOINT WARNING * * *
The orc hits you but does no damage. The orc hits you with a +0 dagger.
* * * LOW HITPOINT WARNING * * *
You hear a shout!
You have reached level 5!
You hit the goblin.
You kill the goblin!
The orc hits you with a +0 whip.
You die...

# #.# .......## # #.#
#.......#.. ####.#
#.......... ...#.#####
#.......... ##.#.....#
#..........
#.#.....#####..........
#.#.....'...'..........
#.#.....#####.oooo.oo#
#.#)....# ###@#{....
#.#.....##### #)# ....
#.#.........# #.# ..
#.#####.....# #.# #.#
#.....# #.# #.# #.....#
#.# #.# #.....# #.# #.#
####### #.# #.#


You could see an orc priest and 5 orcs.

Vanquished Creatures
  An orc priest (D:3)
  A gnoll (D:1)
  A worm (D:2)
  2 dart slugs (D:1)
  8 endoplasms
  A giant cockroach (D:3)
  4 goblins
  9 hobgoblins
  3 quokkas
  4 ball pythons (D:2)
  8 bats
  5 frilled lizards
  3 kobolds (D:2)
  5 rats (D:1)
55 creatures vanquished.

Notes
Turn   | Place    | Note
-------+----------+-------------------------------------------
     0 | D:1      | greasedhog the Formicid Gladiator began the quest for the
                  | Orb.
     0 | D:1      | Reached XP level 1. HP: 16/16 MP: 1/1
   218 | D:1      | Reached XP level 2. HP: 16/23 MP: 2/2
   292 | D:1      | Reached XP level 3. HP: 28/28 MP: 3/3
   496 | D:1      | Reached skill level 4 in Polearms
  1046 | D:2      | Reached XP level 4. HP: 26/35 MP: 4/4
  1311 | D:2      | Found Arryinno's General Store.
  2184 | D:3      | Found a shimmering blue altar of Sif Muna.
  2294 | D:3      | Reached XP level 5. HP: 4/41 MP: 5/5
  2294 | D:3      | Slain by an orc

Illustrated notes

Levels and vault maps discovered:
D:1:      dpeg_cavernosity, layout_basic
D:2:      layout_basic, serial_shops, shop
D:3:      layout_basic, mainiacjoe_overflow_brackets, uniq_robin

Skill      XL: |  1  2  3 |
---------------+----------+-----
Polearms       | 4 |  4.7
Fighting       | 3 |  3.5
Throwing       | |  2.0
Dodging        | |  2.6

Action                     |  1- 3 |  4- 6 || total
---------------------------+-------+-------++-------
  Melee: Trident           |    93 |    68 ||   161
   Stab: Sleeping          |     3 |     1 ||     4
 Armour: Leather armour    |    14 |    12 ||    26
  Dodge: Dodged            |    46 |    35 ||    81

Table legend: (Time is in decaauts)
 A = Elapsed time spent in this place.
 B = Non-inter-level travel time spent in this place.
 C = Inter-level travel time spent in this place.
 D = Time resting spent in this place.
 E = Time spent auto-exploring this place.
 F = Levels seen in this place.
 G = Mean time per level.
                   A        B        C        D        E       F      G
               +--------+--------+--------+--------+--------+-----+--------+
         Total |   2310 |   2218 |     92 |      2 |   1840 |   3 |  770.0 |
       Dungeon |   2310 |   2218 |     92 |      2 |   1840 |   3 |  770.0 |
               +--------+--------+--------+--------+--------+-----+--------+

Top non-repeatable levels by time:
     D:2: 1137 daAuts
     D:1: 1033 daAuts
     D:3: 139 daAuts
